 Dungeon Crawl Stone Soup version 0.24.0-13-gcf9b319 (webtiles) character file.

Game seed: 14536518328986776370, levelgen mode: deterministic

116 Bitman the Chopper (level 5, -10/47 HPs)
             Began as a Hill Orc Monk on Mar 7, 2020.
             Mangled by a crocodile (11 damage)
             ... in a sewer.
             The game lasted 00:05:57 (2188 turns).

Bitman the Chopper (Hill Orc Monk)                  Turns: 2188, Time: 00:05:58

Health: -10/47     AC:  6    Str: 15    XL:     5   Next: 1%
Magic:  5/5        EV: 12    Int: 10    God:
Gold:   80         SH:  0    Dex: 13    Spells: 4/4 levels left

rFire    . . .     SeeInvis .   a - +0 hand axe
rCold    . . .     Gourm    .   (no shield)
rNeg     . . .     Faith    .   m - +0 ring mail
rPois    .         Spirit   .   (no helmet)
rElec    .         Reflect  .   (no cloak)
rCorr    .         Harm     .   (no gloves)
MR       .....                  h - +0 pair of boots
Stlth    +.........             (no amulet)
HPRegen  0.15/turn              (no ring)
MPRegen  0.09/turn              (no ring)

@: no status effects
A: no striking features
a: no special abilities


You were in a sewer.
You were not hungry.

You visited 1 branch of the dungeon, and saw 3 of its levels.
You also visited: Sewer.

You collected 80 gold pieces.

Inventory:

Hand Weapons
 a - a +0 hand axe (weapon)
Missiles
 e - 9 poisoned darts (quivered)
 j - 88 stones
Armour
 h - a +0 pair of boots (worn)
 m - a +0 ring mail (worn)
Jewellery
 d - an uncursed ring of positive energy {unknown}
Scrolls
 b - 2 scrolls of identify {unknown}
 f - a scroll of blinking {unknown}
 i - 3 scrolls of teleportation {unknown}
 k - 5 scrolls of remove curse {unknown}
 l - 2 scrolls of enchant armour {unknown}
 n - a scroll of amnesia {unknown}
 p - a scroll of magic mapping {unknown}
 t - a scroll of noise {unknown}
 w - a scroll of random uselessness {unknown}
Potions
 g - 3 potions of agility {unknown}
 o - 2 potions of curing {unknown}
 q - a potion of ambrosia {unknown}
 r - a potion of resistance {unknown}
 u - a potion of degeneration {unknown}
 v - a potion of mutation {unknown}
Comestibles
 c - 6 rations
 s - 5 chunks of flesh


   Skills:
 + Level 4.4 Fighting
 * Level 5.5 Axes
 + Level 1.7 Armour
 + Level 2.9 Dodging
 - Level 1.7 Stealth


You had 4 spell levels left.
You didn't know any spells.
Your spell library was empty.

Dungeon Overview and Level Annotations

Branches:
Dungeon (3/15)              Sewer (1/1)

Altars:

Annotations:
D:2 Robin


Message History

You hit the crocodile but do no damage.
The crocodile is almost dead.
The crocodile closely misses you.
You hit the crocodile.
The crocodile is almost dead.
The crocodile bites you!
* * * LOW HITPOINT WARNING * * *
You hit the crocodile.
The crocodile is almost dead.
The crocodile closely misses you.
You barely miss the crocodile.
The crocodile is almost dead.
The crocodile bites you.
* * * LOW HITPOINT WARNING * * *
You hit the crocodile.
The crocodile is almost dead.
The crocodile bites you.
* * * LOW HITPOINT WARNING * * *
The crocodile bites you!
You die...

#..##≈# #..##≈#
##.###≈# ########
#...##≈##
###......###
#...#.≈.#
###....≈≈....###
#.....≈.#
###..≈≈.####.≈...#
#...))≈.###.....###
###≈..≈≈#
#####.≈.≈.≈..t.##
#.≈.≈(
#.....≈.###..@..#
....# #.∩...≈.#
###..≈..# ..##≈
#.∩.#.≈.# ###..≈≈≈≈
## #...##≈## ##....
######≈# #### #≈#
###


You could see a crocodile.

Vanquished Creatures
  An orc wizard (D:3)
  An adder (D:3)
  A dart slug (D:1)
  A leopard gecko (D:1)
  9 orcs (D:3)
  4 giant cockroaches
  12 goblins
  3 hobgoblins
  4 jackals
  8 kobolds
  2 quokkas
  A ball python (D:3)
  5 bats
  3 frilled lizards
  5 rats
60 creatures vanquished.

Notes
Turn   | Place    | Note
-------+----------+-------------------------------------------
     0 | D:1      | Bitman the Hill Orc Monk began the quest for the Orb.
     0 | D:1      | Reached XP level 1. HP: 19/19 MP: 1/1
   235 | D:1      | Reached XP level 2. HP: 27/27 MP: 2/2
   946 | D:2      | Reached XP level 3. HP: 28/33 MP: 3/3
  1253 | D:2      | Noticed Robin
  1257 | D:2      | Reached skill level 1 in Armour
  1536 | D:3      | Reached skill level 5 in Axes
  1546 | D:3      | Reached XP level 4. HP: 8/40 MP: 4/4
  1607 | D:3      | HP: 1/40 [orc/+0 hand axe (2)]
  1792 | D:3      | Found a glowing drain.
  1817 | Sewer    | Entered a sewer
  2096 | Sewer    | Reached XP level 5. HP: 46/47 MP: 5/5
  2156 | Sewer    | Noticed a crocodile
  2186 | Sewer    | HP: 2/47 [crocodile (4)]
  2188 | Sewer    | Mangled by a crocodile

Levels and vault maps discovered:
D:1:      minmay_arrival_stair_chambers, layout_basic
D:2:      layout_loops_ring, grunt_ministairs_2,
          nicolae_qazlal_eye_of_the_storm, uniq_robin, uniq_jessica
D:3:      layout_basic, cheibrodos_sewer_entry_drain, uniq_grinder
Sewer:    sewer_the_crocodile

Skill      XL: |  1  2  3 |
---------------+----------+-----
Fighting       | 4 |  4.4
Armour         | 1 |  1.7
Axes           | 5 |  5.5
Dodging        | |  2.9
Stealth        | |  1.7

Action                   |  1- 3 |  4- 6 || total
-------------------------+-------+-------++-------
Melee: Hand axe          |   118 |    73 ||   191
Throw: Dart              |       |     3 ||     3
  Eat: Chunk             |     2 |     2 ||     4
Armor: Robe              |     6 |       ||     6
       Ring mail         |    38 |    20 ||    58
Dodge: Dodged            |    94 |    56 ||   150
